AoeStats
← 小迟爱吃

Baltic

510439725Analyzed
4v4 RM · 2d ago on Oct 1, 2026· 63m 55s· 8 players
Game mode
Random Map
Map size
Large (8 player)
Population
200
Speed
Normal
Resources
Standard
Victory
Conquest
Starting age
Dark Age
Ending age
Imperial Age
RankedLock teamsTeams togetherTeam positionsShared explorationLock speedFull tech treeHidden civsTurbo modeCheats
Victory
Defeat
🇨🇳 Mongols · China
842
+13
🇨🇳 Magyars · China
825
+14
🇨🇳 Vietnamese · China
819
+14
🇨🇳 Saracens · China
773
+16
🇨🇱 Berbers · Chile
867
-17
🇨🇱 Gurjaras · Chile
798
-15
🇲🇽 Portuguese · Mexico
768
-14
🇲🇽 Franks · Mexico
693
-11
一枪一个小朋友
0:33 Loom
10:57 Feudal Age
13:15 Double-Bit Axe
16:45 Castle Age
19:59 Bow Saw
27:14 Nomads
31:17 Wheelbarrow
32:40 Bloodlines
32:31 Husbandry
31:52 Light Cavalry
35:46 Imperial Age
34:52 Ballistics
34:18 Horse Collar
35:23 Forging
35:19 Scale Barding Armor
35:14 Padded Archer Armor
35:05 Fletching
35:39 Murder Holes
35:59 Elite Mangudai
37:00 Drill
37:00 Conscription
36:11 Hussar
37:31 Iron Casting
37:16 Chain Barding Armor
37:21 Caravan
38:07 Parthian Tactics
37:53 Thumb Ring
40:19 Blast Furnace
39:15 Bodkin Arrow
39:35 Leather Archer Armor
40:32 Chemistry
39:40 Siege Engineers
39:56 Heavy Plow
40:22 Hand Cart
39:57 Town Watch
40:43 Capped Ram
41:59 Siege Ram
小迟爱吃
14:17 Feudal Age
15:01 Double-Bit Axe
19:33 Castle Age
21:56 Bow Saw
26:22 Wheelbarrow
25:30 Horse Collar
28:25 Hand Cart
28:17 Gold Mining
28:30 Stone Mining
29:09 Town Watch
29:33 Scale Barding Armor
30:02 Coinage
29:21 Loom
30:15 Gold Shaft Mining
29:43 Heavy Plow
33:15 Corvinian Army
33:39 Town Patrol
36:11 Imperial Age
34:48 Chain Barding Armor
36:45 Husbandry
36:16 Heavy Cavalry Archer
36:19 Elite Magyar Huszar
37:21 Conscription
37:45 Plate Barding Armor
37:43 Banking
37:50 Crop Rotation
38:26 Two-Man Saw
37:57 Parthian Tactics
38:11 Bloodlines
39:01 Padded Archer Armor
39:21 Recurve Bow
40:33 Chemistry
41:11 Leather Archer Armor
41:45 Ballistics
43:39 Ring Archer Armor
44:31 Fletching
44:24 Treadmill Crane
44:47 Murder Holes
45:35 Hoardings
45:54 Bodkin Arrow
47:08 Bracer
47:27 Masonry
54:01 Elite Skirmisher
上班摸鱼
9:27 Loom
12:14 Feudal Age
13:01 Double-Bit Axe
14:00 Wheelbarrow
13:12 Fishing Lines
15:31 Town Watch
23:51 Castle Age
23:50 Forging
23:46 Scale Barding Armor
25:26 Bloodlines
25:17 Husbandry
26:27 Iron Casting
26:12 Chain Barding Armor
25:56 Scale Mail Armor
27:51 Fletching
28:19 Bow Saw
28:41 Hand Cart
28:53 Gold Mining
28:56 Stone Mining
30:51 Chain Barding Armor
sisseess
11:40 Feudal Age
18:54 Castle Age
17:42 Double-Bit Axe
20:45 Bow Saw
27:31 Wheelbarrow
27:03 Horse Collar
28:05 Pikeman
28:46 Squires
30:23 Hand Cart
31:32 Loom
32:03 Town Watch
39:30 Imperial Age
37:19 Heavy Plow
37:53 Chatras
40:03 Town Patrol
40:40 Bloodlines
42:07 Husbandry
41:39 Halberdier
45:55 Chemistry
45:06 Fortified Wall
45:17 Ballistics
44:38 Treadmill Crane
45:44 Fishing Lines
46:39 Crop Rotation
46:01 Gold Mining
46:02 Stone Mining
46:10 Stone Mining
47:22 Two-Man Saw
46:08 Light Cavalry
46:13 Elite Skirmisher
46:58 Thumb Ring
47:37 Scale Mail Armor
47:47 Forging
47:27 Fletching
47:38 Padded Archer Armor
47:03 Elite Battle Elephant
48:28 Stone Shaft Mining
52:34 Masonry
62:11 Coinage
64:21 Banking
StayToxic
11:35 Feudal Age
15:31 Double-Bit Axe
22:12 Castle Age
31:10 Imperial Age
29:18 Bow Saw
33:53 Two-Man Saw
34:23 Cavalier
35:05 Husbandry
36:50 Bloodlines
38:33 Wheelbarrow
39:51 Chemistry
40:20 Scale Barding Armor
47:15 Gold Mining
47:55 Hand Cart
48:15 Conscription
alangb_par
4:55 Loom
12:23 Feudal Age
12:51 Double-Bit Axe
13:30 Fishing Lines
20:43 Castle Age
18:57 Gold Mining
21:04 Stone Mining
21:36 Bow Saw
22:08 Gold Shaft Mining
27:07 Gillnets
30:39 Scale Barding Armor
33:27 Imperial Age
33:52 Cavalier
35:25 Chain Barding Armor
35:11 Paladin
37:36 Chemistry
39:19 Ballistics
39:07 Padded Archer Armor
38:58 Fletching
39:44 Plate Barding Armor
42:58 Chivalry
Hunterkiller
1:16 Loom
11:34 Feudal Age
12:21 Double-Bit Axe
12:17 Horse Collar
16:44 Castle Age
15:19 Stone Mining
21:05 Kasbah
22:00 Gold Mining
23:11 Fletching
25:03 Bow Saw
26:03 Ballistics
25:41 Bodkin Arrow
25:46 Padded Archer Armor
32:07 Imperial Age
32:52 Wheelbarrow
32:03 Loom
32:03 Town Watch
32:52 Maghrebi Camels
34:50 Chemistry
34:26 Elite Genitour
36:04 Leather Archer Armor
37:37 Bracer
38:08 Ring Archer Armor
37:58 Heavy Plow
39:22 Fervor
42:05 Elite Camel Archer
44:39 Husbandry
44:03 Heavy Camel Rider
46:37 Forging
46:33 Scale Barding Armor
48:03 Caravan
49:14 Iron Casting
48:59 Chain Barding Armor
52:05 Conscription
52:59 Plate Barding Armor
cruzadometalero
6:43 Loom
12:02 Feudal Age
12:35 Double-Bit Axe
12:45 Gold Mining
13:16 Horse Collar
18:30 Castle Age
21:26 Bow Saw
21:40 Stone Mining
26:03 Bloodlines
25:54 Husbandry
27:18 Wheelbarrow
27:18 Scale Barding Armor
29:12 Forging
33:59 Chain Barding Armor
34:15 Iron Casting
37:07 Imperial Age
36:00 Scale Mail Armor
36:26 Kshatriyas
38:39 Plate Barding Armor
38:20 Chain Mail Armor
41:13 Chemistry
40:54 Conscription
40:26 Town Watch
44:50 Heavy Camel Rider
46:17 Heavy Plow
47:19 Plate Mail Armor
54:47 Ballistics
54:23 Murder Holes
58:43 Caravan
60:56 Hand Cart
Connection lost

Rejoining the realm…

Still unreachable

The connection could not be restored.

Session expired

The server has moved on; the page needs a fresh start.